 Dungeon Crawl Stone Soup version 0.24-a0-317-g5cb8de4 (webtiles) character file.

Game seed: 6961427505891518944

150 Klosterheim the Magician (level 5, -3/28 HPs)
             Began as a Deep Elf Air Elementalist on May 16, 2019.
             Killed from afar by Sigmund (9 damage)
             ... with a puff of flame
             ... on level 4 of the Dungeon.
             The game lasted 00:11:21 (4413 turns).

Klosterheim the Magician (DEAE)                     Turns: 4413, Time: 00:11:21

Health: -3/28      AC:  3    Str:  5    XL:     5   Next: 10%
Magic:  1/13       EV: 14    Int: 21    God:
Gold:   177        SH:  0    Dex: 15    Spells: 6/12 levels left

rFire    . . .     SeeInvis .   f - +0 spear
rCold    . . .     Gourm    .   (no shield)
rNeg     . . .     Faith    .   a - +0 robe
rPois    .         Spirit   .   p - +0 helmet
rElec    .         Reflect  .   (no cloak)
rCorr    .         Harm     .   (no gloves)
MR       .....                  (no boots)
Stlth    ++++......             (no amulet)
HPRegen  0.09/turn              n - ring of stealth (curse)
MPRegen  0.13/turn              (no ring)

@: very slightly contaminated, hasted, very quick
A: talons 1, blurry vision 1
a: no special abilities


You were on level 4 of the Dungeon.
You were not hungry.

You visited 1 branch of the dungeon, and saw 4 of its levels.

You collected 177 gold pieces.

Inventory:

Hand Weapons
 f - a +0 spear (weapon)
Armour
 a - a +0 robe (worn)
 p - a +0 helmet (worn)
Jewellery
 n - a cursed ring of stealth (left hand)
Scrolls
 b - 2 scrolls of identify
 d - 3 scrolls of enchant armour
 e - 2 scrolls of blinking
 g - a scroll of immolation
 i - a scroll of amnesia
 m - 2 scrolls of fear
Comestibles
 c - 13 rations
 j - 3 chunks of flesh


   Skills:
 + Level 3.6 Dodging
 + Level 3.7 Stealth
 + Level 4.1 Spellcasting
 + Level 2.4 Conjurations
 + Level 3.7 Air Magic


You had 6 spell levels left.
You knew the following spells:

 Your Spells              Type           Power        Failure   Level  Hunger
a - Shock                 Conj/Air       ###.         3%          1    None
b - Swiftness             Chrm/Air       ##......     9%          2    #......
c - Static Discharge      Conj/Air       ###.....     10%         3    ###....

Your spell library contained the following spells:

 Spells                   Type           Power        Failure   Level  Hunger
 Airstrike                Air            ###.......   26%         4    ####...
 Lightning Bolt           Conj/Air       ###.......   67%         5    ######.


Dungeon Overview and Level Annotations

Branches:
Dungeon (4/15)
 Temple: D:4-7

Altars:
Gozag
Qazlal

Annotations:
D:4 Sigmund


Innate Abilities, Weirdness & Mutations

You have sharp toenails.
Scrolls take you a little longer to read.


Message History

You hit something but do no damage. You barely miss something.
Your kick misses something.
You hear some strange, mumbled words.
A puff of flame appears from out of thin air!
The puff of flame hits you!
* * * LOW HITPOINT WARNING * * *
Casting: Shock (safe; 3% risk of failure)
Confirm with . or Enter, or press ? or * to list all spells.
You can't see any susceptible monsters within range! (Use Z to cast anyway.)
Casting: Shock (safe; 3% risk of failure)
Confirm with . or Enter, or press ? or * to list all spells.
Aiming: Shock (safe; 3% risk of failure)
Press: ? - help, Shift-Dir - straight line That beam is likely to hit you.
Continue anyway?
The zap misses you.
You closely miss something.
You hear some strange, mumbled words.
A puff of flame appears from out of thin air!
The puff of flame hits you!
You die...

# .._. ..# # #. ... #.#
#. #.# #. ... #.#
##.##..#####.## #.###.#
..........# ..# #.##..#
..........###.###.##..#
............#.#.......##
........{.............#.
.......@................
.........##...........##
.........###...........#
.........# ##...........
.........# #.........#.
#.##..#### #...........
# #.. ###......... #..
...(.#...#.#.
#......#.....


There were no monsters in sight!

Vanquished Creatures
  A worker ant (D:4)
  An orc wizard (D:3)
  An adder (D:3)
  3 oozes
  A worm (D:2)
  3 leopard geckos
  4 orcs (D:3)
  3 giant cockroaches
  9 hobgoblins
  2 quokkas (D:3)
  7 bats
  8 frilled lizards
  10 goblins
  9 kobolds
  7 rats
69 creatures vanquished.

Notes
Turn   | Place    | Note
-------+----------+-------------------------------------------
     0 | D:1      | Klosterheim the Deep Elf Air Elementalist began the quest
                  | for the Orb.
     0 | D:1      | Reached XP level 1. HP: 10/10 MP: 6/6
   472 | D:1      | Reached XP level 2. HP: 15/15 MP: 6/8
   655 | D:1      | Learned a level 2 spell: Swiftness
  1006 | D:1      | Reached XP level 3. HP: 19/19 MP: 5/9
  1300 | D:2      | Learned a level 3 spell: Static Discharge
  1959 | D:2      | Found an opulent altar of Gozag.
  3103 | D:3      | Reached XP level 4. HP: 20/24 MP: 11/11
  3909 | D:3      | Gained mutation: Scrolls take you a little longer to read.
                  | [potion of mutation]
  3909 | D:3      | Gained mutation: You have sharp toenails. [potion of
                  | mutation]
  3935 | D:3      | Reached skill level 4 in Spellcasting
  4318 | D:4      | Reached XP level 5. HP: 22/28 MP: 5/13
  4342 | D:4      | Found a stormy altar of Qazlal.
  4349 | D:4      | Noticed Sigmund
  4413 | D:4      | Killed from afar by Sigmund

Levels and vault maps discovered:
D:1:      elethiomel_arrival_quiet, layout_basic, nrook_loot_triangle,
          minmay_misc_feat_tower
D:2:      layout_loops_corners, grunt_decor_one_mirror, grunt_gozag_statues
D:3:      layout_basic, first_ration, amethyst_killhole,
          minmay_misc_feat_ornament
D:4:      layout_rooms, old_standard_altar, kiku_gazebo_garden_becter,
          zin_angel, nicolae_overflow_hidden_temple, grunt_qazlal_clouds,
          uniq_natasha, uniq_eustachio, uniq_sigmund, uniq_pikel

Skill      XL: |  1  2  3  4 |
---------------+-------------+-----
Stealth        | 3 |  3.7
Dodging        | 3 |  3.6
Conjurations   | 2 |  2.4
Spellcasting   | 4 |  4.1
Air Magic      | |  3.7

Action                   |  1- 3 |  4- 6 || total
-------------------------+-------+-------++-------
Melee: Unarmed           |     7 |       ||     7
       Spear             |    85 |    87 ||   172
       Kick              |       |     4 ||     4
 Cast: Shock             |    63 |    17 ||    80
       Static Discharge  |     1 |     8 ||     9
  Use: Potion            |       |     5 ||     5
       Scroll            |       |     5 ||     5
 Stab: Sleeping          |    13 |     4 ||    17
       Distracted        |     1 |       ||     1
  Eat: Chunk             |     7 |     4 ||    11
Armor: Robe              |    22 |    17 ||    39
Dodge: Dodged            |    79 |    75 ||   154

Table legend:
 A = Non-vault XP
 B = Vault XP
 C = Vault XP percentage of total XP
 D = Non-vault monster count
 E = Vault monster count
 F = Vault count percentage of total count
                 A         B        C        D         E       F
            +---------+---------+-------+---------+---------+-------
      Total |     215 |       0 |   0.0 |      69 |       0 |   0.0
            +---------+---------+-------+---------+---------+-------
        D:1 |      42 |       0 |   0.0 |      24 |       0 |   0.0
        D:2 |      43 |       0 |   0.0 |      17 |       0 |   0.0
        D:3 |      94 |       0 |   0.0 |      27 |       0 |   0.0
        D:4 |      36 |       0 |   0.0 |       1 |       0 |   0.0
            +---------+---------+-------+---------+---------+-------
